 Dungeon Crawl Stone Soup version 0.26-a0-651-gb41185065b (webtiles) character file.

Game seed: 12258363008282547687

19712 Irenicus the Earth Mage (level 12, -1/91 HPs)
             Began as a Deep Dwarf Earth Elementalist on Oct 16, 2020.
             Was the Champion of Makhleb.
             Slain by a large slime creature (31 damage)
             ... on level 12 of the Dungeon.
             The game lasted 00:54:12 (6925 turns).

Irenicus the Earth Mage (DDEE)                      Turns: 6925, Time: 00:54:12

Health: -1/91      AC: 14    Str: 14    XL:     12   Next: 38%
Magic:  13/27      EV: 12    Int: 21    God:    Makhleb [******]
Gold:   806        SH:  0    Dex: 13    Spells: 21/33 levels left

rFire    . . .     SeeInvis .   i - +8 falchion (vorpal)
rCold    . . .     Faith    .   (no shield)
rNeg     + . .     Spirit   .   w - +2 leather armour "Luxoan" {+Fly Regen+ Str+2 Slay+3}
rPois    .         Reflect  .   z - +1 helmet
rElec    .         Harm     .   A - +0 cloak
rCorr    .         Rampage  .   v - +2 pair of gloves
MR       +....                  h - +2 pair of boots
Stlth    ++........             D - amulet of magic regeneration
HPRegen  0.00/turn              (no ring)
MPRegen  0.45/turn              u - ring of positive energy {rN+}

@: non-regenerating
A: damage resistance, heal wounds, sense surroundings 2, no regeneration
a: Heal Wounds, Minor Destruction, Lesser Servant of Makhleb, Major Destruction,
Greater Servant of Makhleb, Renounce Religion, Evoke Flight


You were on level 12 of the Dungeon.
You worshipped Makhleb.
Makhleb was exalted by your worship.
You visited 1 branch of the dungeon, and saw 12 of its levels.
You also visited: Sewer.

You collected 806 gold pieces.

Inventory:

Hand Weapons
 i - a +8 vorpal falchion (weapon)
   (You took it off a wight on level 7 of the Dungeon)
 y - a +0 short sword of speed
   (You took it off an orc warrior on level 9 of the Dungeon)
 I - a +4 dagger of chaos
   (You took it off Psyche on level 12 of the Dungeon)
Missiles
 a - 83 stones (quivered)
Armour
 h - a +2 pair of boots (worn)
   (You found it on level 1 of the Dungeon)
 v - a +2 pair of gloves (worn)
   (You found it on level 7 of the Dungeon)
 w - the +2 leather armour "Luxoan" (worn) {+Fly Regen+ Str+2 Slay+3}
   (You found it on level 8 of the Dungeon)

   It affects your strength (+2).
   It affects your accuracy and damage with ranged weapons and melee attacks
   (+3).
   It lets you fly.
   It increases your rate of regeneration.
 z - a +1 helmet (worn)
   (You found it on level 8 of the Dungeon)
 A - a +0 cloak (worn)
   (You found it on level 10 of the Dungeon)
Magical Staves
 x - an uncursed staff of air {rElec}
   (You found it on level 9 of the Dungeon)
 C - an uncursed staff of fire {rF+}
   (You found it on level 6 of the Dungeon)
Jewellery
 r - an uncursed ring of protection from fire {rF+, !d}
   (You found it on level 4 of the Dungeon)
 u - a ring of positive energy (right hand) {rN+}
   (You found it on level 5 of the Dungeon)
 D - an amulet of magic regeneration (around neck)
   (You found it on level 10 of the Dungeon)
Wands
 c - a wand of acid (5)
   (You found it on level 11 of the Dungeon)
 t - a wand of iceblast (2)
   (You found it on level 4 of the Dungeon)
 E - a wand of disintegration (9)
   (You found it on level 11 of the Dungeon)
Scrolls
 f - 7 scrolls of remove curse
 g - 6 scrolls of teleportation
 j - 4 scrolls of blinking {!r}
 n - 5 scrolls of fear
 s - 3 scrolls of identify
 F - 3 scrolls of holy word {unknown}
 G - a scroll of brand weapon
Potions
 b - 2 potions of invisibility
 d - 2 potions of mutation {!q}
 e - 2 potions of brilliance
 k - 3 potions of cancellation
 l - 3 potions of lignification {!q}
 m - 7 potions of flight
 o - 3 potions of heal wounds
 p - 3 potions of haste
 q - 6 potions of curing
 B - 2 potions of might
 H - a potion of resistance


   Skills:
 + Level 1.1 Fighting
 + Level 1.4 Armour
 + Level 2.8 Dodging
 - Level 2.4 Stealth
 - Level 11.3 Spellcasting
 - Level 5.0 Conjurations
 + Level 1.0 Translocations
 - Level 0.8 Transmutations
 - Level 18.2 Earth Magic


You had 21 spell levels left.
You knew the following spells:

 Your Spells              Type           Power        Failure   Level
a - Sandblast             Erth           ######       0%          1
g - Apportation           Tloc           ###...       4%          1
w - Passwall              Tmut/Erth      ######..     1%          2
x - Stone Arrow           Conj/Erth      ######       1%          3
z - Lee's Rapid Deconstr  Erth           ######....   1%          5

Your spell library contained the following spells:

 Spells                   Type           Power        Failure   Level
 Petrify                  Tmut/Erth      ######..     1%          4
 Animate Skeleton         Necr           ##....       7%          1
 Corona                   Hex            ##.....      7%          1
 Summon Small Mammal      Summ           ##..         7%          1
 Call Imp                 Summ           ##......     11%         2
 Call Canine Familiar     Summ           ##......     21%         3
 Summon Guardian Golem    Hex/Summ       ##......     21%         3
 Summon Ice Beast         Ice/Summ       ##......     56%         4
 Summon Lightning Spire   Summ/Air       ##......     56%         4


Dungeon Overview and Level Annotations

Branches:
Dungeon (12/15)            Temple (0/1) D:7            Lair (0/6) D:11
    Orc (0/2) D:10          Sewer (visited)

Altars:
Elyvilon
Fedhas
Gozag
Kikubaaqudgha
Makhleb
Nemelex Xobeh
Okawaru
Qazlal
Ru
Sif Muna
Uskayaw
Wu Jian
Xom
Yredelemnul
The Shining One

Shops:
D:6 [   D:11 (

Portals:
Trove: D:10 (give +6 demon trident)

Annotations:
D:8 1 runed translucent door, PanSaczeczos's ghost, novice DsMo
D:9 1 runed translucent door, catramo's ghost, novice MiAK
D:11 D10 need +6 demon trident trove


Innate Abilities, Weirdness & Mutations

You are resistant to damage.
You can heal yourself by infusing magical energy.
You passively map the area around you.
You do not regenerate.


Message History

The centaur warrior skeleton is almost destroyed.
The centaur warrior skeleton hits you but does no damage.
The centaur warrior skeleton barely misses you.
You now have 9/27 mp.
You slash the centaur warrior skeleton!
You destroy the centaur warrior skeleton!
Makhleb accepts your kill.
Your Armour skill increases to level 1! 2 slime creatures come into view.
The slime creature quivers.
Two slime creatures merge to form a large slime creature.
Casting: Stone Arrow (safe; 1% risk of failure)
Confirm with . or Enter, or press ? or * to list all spells.
Aiming: Stone Arrow (safe; 1% risk of failure)
Press: ? - help, Shift-Dir - straight line, f - large slime creature
Aim: a large slime creature The stone arrow hits the large slime creature!!
The large slime creature is lightly wounded.
A slime creature comes into view.
You now have 10/27 mp.
Casting: Stone Arrow (safe; 1% risk of failure)
Confirm with . or Enter, or press ? or * to list all spells.
You can't see any susceptible monsters within range! (Use Z to cast anyway.) Unknown command.
A slime creature comes into view.
Casting: Stone Arrow (safe; 1% risk of failure)
Confirm with . or Enter, or press ? or * to list all spells.
Aiming: Sandblast (safe; 0% risk of failure)
Press: ? - help, Shift-Dir - straight line, f/p - large slime creature
Aim: a large slime creature (lightly wounded)
The blast of sand hits the large slime creature!!
The large slime creature is heavily wounded.
a - 89 stones Two slime creatures merge to form a large slime creature.
You now have 10/27 mp.
Casting: Sandblast (safe; 0% risk of failure)
Confirm with . or Enter, or press ? or * to list all spells.
Aiming: Sandblast (safe; 0% risk of failure)
Press: ? - help, Shift-Dir - straight line, f/p - large slime creature
Aim: a large slime creature (heavily wounded)
The blast of sand hits the large slime creature!!
The large slime creature is severely wounded.
a - 88 stones The large slime creature hits you!!
You take 26 damage, and have 60/90 hp.
MASSIVE DAMAGE!!
Casting: Sandblast (safe; 0% risk of failure)
Confirm with . or Enter, or press ? or * to list all spells.
Aiming: Sandblast (safe; 0% risk of failure)
Press: ? - help, Shift-Dir - straight line, f/p - large slime creature
Aim: a large slime creature (severely wounded)
The blast of sand hits the large slime creature!!
The large slime creature is almost dead.
a - 87 stones The large slime creature hits you!!
You take 31 damage, and have 29/90 hp.
MASSIVE DAMAGE!!
You now have 9/27 mp.
Casting: Sandblast (safe; 0% risk of failure)
Confirm with . or Enter, or press ? or * to list all spells.
Aiming: Sandblast (safe; 0% risk of failure)
Press: ? - help, Shift-Dir - straight line, f/p - large slime creature
Aim: a large slime creature (almost dead)
The blast of sand hits the large slime creature!!
You kill the large slime creature!
Makhleb accepts your kill.
You feel better.
Your Fighting skill increases to level 1!
Your Translocations skill increases to level 1!
a - 86 stones You regained 14 hp, and now have 43/91 hp.
Evoke which item? (* to show all) (? for menu, Esc to quit)
Okay, then.
Casting: Sandblast (safe; 0% risk of failure)
Confirm with . or Enter, or press ? or * to list all spells.
Aiming: Sandblast (safe; 0% risk of failure)
Press: ? - help, Shift-Dir - straight line, f - large slime creature
Aim: a large slime creature The blast of sand hits the large slime creature!!
The large slime creature is lightly wounded.
a - 85 stones The large slime creature hits you!
You take 13 damage, and have 30/91 hp.
You now have 14/27 mp.
Casting: Sandblast (safe; 0% risk of failure)
Confirm with . or Enter, or press ? or * to list all spells.
Aiming: Sandblast (safe; 0% risk of failure)
Press: ? - help, Shift-Dir - straight line, f/p - large slime creature
Aim: a large slime creature (lightly wounded)
The blast of sand hits the large slime creature!
The large slime creature is moderately wounded.
a - 84 stones The large slime creature closely misses you.
You now have 13/27 mp.
Casting: Sandblast (safe; 0% risk of failure)
Confirm with . or Enter, or press ? or * to list all spells.
Aiming: Sandblast (safe; 0% risk of failure)
Press: ? - help, Shift-Dir - straight line, f/p - large slime creature
Aim: a large slime creature (moderately wounded)
The blast of sand hits the large slime creature!
The large slime creature is heavily wounded.
a - 83 stones The large slime creature hits you!!
You die...

#.#####.#.# #.#
, ######.#
#......# , ,
#.####.# * ,
#.# #.# * , #.#
..# , #J##.###
* #@##.# *
#.##)# , #.##.#
#.##.# * #.##.#
#.##.#### *
#.......# ,
#.###...######*
* #.#
#...#.....


You could see a large slime creature.

Vanquished Creatures
  Snorg (D:11)
  Erolcha (D:9)
  A hydra (D:12)
  A two-headed ogre (D:11)
  2 centaur warriors (D:11)
  An unseen horror (D:12)
  An ugly thing (D:12)
  A manticore (D:11)
  A slime creature (D:12)
  A centaur zombie (D:10)
  Psyche (D:12)
  5 centaur skeletons
  A troll (D:11)
  A hornet (D:7)
  2 hippogriffs (D:12)
  2 wraiths (D:11)
  2 shadows (D:12)
  2 water moccasins
  3 ice beasts
  2 sky beasts
  5 orc warriors
  2 hornet zombies (D:10)
  An eye of draining (D:9)
  4 phantoms
  A necrophage (D:12)
  5 ogres
  7 centaurs
  6 big kobolds
  Blork the orc (D:6)
  14 bullfrogs
  2 gnoll sergeants
  A scorpion (D:4)
  4 wights (D:7)
  10 killer bees
  2 howler monkeys
  2 bullfrog zombies
  A quasit (D:7)
  5 jellies
  10 orc priests
  7 bullfrog skeletons
  4 hounds
  15 orc wizards
  2 iguanas
  11 worker ants
  A hound skeleton (D:9)
  A worker ant zombie (D:10)
  16 gnolls
  2 river rats (Sewer)
  19 adders
  2 shadow imps
  3 white imps
  4 ufetubi
  9 oozes
  6 worms
  2 dart slugs
  7 leopard geckos
  35 orcs
  3 bats
  5 giant cockroaches
  2 gnoll zombies (D:6)
  11 goblins
  7 hobgoblins
  12 jackals
  8 quokkas
  9 ball pythons
  9 frilled lizards
  34 kobolds
  7 rats
368 creatures vanquished.

Vanquished Creatures (others)
  An orc (D:4)
  3 fungi
  12 plants
  11 toadstools (D:3)
  A withered plant (D:6)
28 creatures vanquished.

Grand Total: 396 creatures vanquished

Notes
Turn   | Place    | Note
-------+----------+-------------------------------------------
     0 | D:1      | Irenicus the Deep Dwarf Earth Elementalist began the quest
                  | for the Orb.
     0 | D:1      | Reached XP level 1. HP: 15/15 MP: 3/3
   132 | D:1      | Reached XP level 2. HP: 8/22 MP: 1/4
   168 | D:1      | Reached skill level 5 in Earth Magic
   356 | D:1      | Learned a level 2 spell: Passwall
   524 | D:1      | Reached XP level 3. HP: 27/28 MP: 0/5
   825 | D:2      | Reached skill level 6 in Earth Magic
   851 | D:2      | Found a burning altar of Makhleb.
   859 | D:2      | Became a worshipper of Makhleb the Destroyer
  1065 | D:2      | Reached XP level 4. HP: 31/36 MP: 4/6
  1120 | D:2      | Learned a level 1 spell: Apportation
  1466 | D:3      | Reached * piety under Makhleb
  1518 | D:3      | Reached skill level 2 in Spellcasting
  1537 | D:3      | Reached skill level 7 in Earth Magic
  1556 | D:3      | Reached XP level 5. HP: 34/42 MP: 0/8
  1869 | D:3      | Found a hide-covered altar of Uskayaw.
  1869 | D:3      | Found a blossoming altar of Fedhas.
  1972 | D:3      | Reached skill level 3 in Spellcasting
  2087 | D:3      | Found a faded altar of an unknown god.
  2123 | D:4      | Noticed a phantom
  2180 | D:4      | Reached XP level 6. HP: 45/49 MP: 8/10
  2235 | D:4      | Reached skill level 8 in Earth Magic
  2325 | D:4      | Reached ** piety under Makhleb
  2434 | D:4      | Found a glowing drain.
  2459 | D:4      | HP: 12/49 [orc priest/divine providence (7)]
  2503 | Sewer    | Entered a sewer
  2631 | Sewer    | Reached skill level 4 in Spellcasting
  2634 | Sewer    | Reached XP level 7. HP: 41/55 MP: 7/13
  2669 | Sewer    | Reached skill level 9 in Earth Magic
  2730 | Sewer    | Reached *** piety under Makhleb
  2804 | D:4      | Reached skill level 10 in Earth Magic
  2808 | D:5      | Entered Level 5 of the Dungeon
  2819 | D:5      | Found a sacrificial altar of Ru.
  2848 | D:5      | Reached XP level 8. HP: 62/62 MP: 3/14
  2854 | D:5      | Learned a level 3 spell: Stone Arrow
  2864 | D:5      | Reached skill level 11 in Earth Magic
  2943 | D:5      | Found an iron altar of Okawaru.
  3137 | D:5      | Reached skill level 12 in Earth Magic
  3195 | D:5      | You fall into a shaft and drop 3 floors!
  3270 | D:8      | Found a runed translucent door.
  3334 | D:7      | Reached **** piety under Makhleb
  3334 | D:7      | Reached skill level 1 in Conjurations
  3355 | D:7      | Reached skill level 2 in Conjurations
  3370 | D:7      | Reached skill level 5 in Spellcasting
  3411 | D:7      | Noticed a hornet
  3418 | D:7      | Killed a hornet
  3418 | D:7      | Reached skill level 3 in Conjurations
  3531 | D:7      | Gained mutation: You passively map the area around you.
                  | [Deep Dwarf growth]
  3531 | D:7      | Reached XP level 9. HP: 68/68 MP: 4/17
  3682 | D:7      | Found a staircase to the Ecumenical Temple.
  3829 | D:6      | Reached skill level 6 in Spellcasting
  3829 | D:6      | Reached skill level 4 in Conjurations
  3856 | D:6      | Found a shimmering blue altar of Sif Muna.
  3905 | D:6      | Found a stormy altar of Qazlal.
  3941 | D:6      | Reached skill level 5 in Conjurations
  4020 | D:6      | Found a basalt altar of Yredelemnul.
  4059 | D:6      | Reached skill level 7 in Spellcasting
  4098 | D:6      | Found Qiddate's Antique Armour Emporium.
  4229 | D:6      | Irenicus: ?? potion of experience
  4229 | D:6      | beem: potion of experience[1/2]: Gives you a bunch of
                  | experience. The amount of XP you get is enough to take you
                  | the same proportion of the way between the next two levels
                  | as you currently are between your level and the next one.
                  | You gain 750 * (your new XL) experience to spend on skills.
  4231 | D:6      | Found an ancient bone altar of Kikubaaqudgha.
  4231 | D:6      | Noticed Blork the orc
  4237 | D:6      | Killed Blork the orc
  4479 | D:7      | Found a shimmering altar of Xom.
  4635 | D:7      | Reached skill level 13 in Earth Magic
  4685 | D:8      | Found a sparkling altar of Nemelex Xobeh.
  4686 | D:8      | Found an opulent altar of Gozag.
  4765 | D:8      | Found a shimmering blue altar of Sif Muna.
  4812 | D:8      | Reached XP level 10. HP: 52/75 MP: 18/21
  4814 | D:8      | Reached skill level 11 in Spellcasting
  4814 | D:8      | Reached XP level 11. HP: 57/81 MP: 18/26
  4886 | D:8      | Got a faintly humming leather armour
  4897 | D:8      | Identified the +2 leather armour "Luxoan" {+Fly Regen+
                  | Str+2 Slay+3} (You found it on level 8 of the Dungeon)
  4916 | D:8      | Noticed PanSaczeczos's ghost (novice DsMo)
  4968 | D:9      | Reached ***** piety under Makhleb
  5063 | D:9      | Found a runed translucent door.
  5064 | D:9      | Noticed catramo's ghost (novice MiAK)
  5065 | D:9      | Identified the +7 spear of Dawn {elec, MR+ Str+4}
  5256 | D:9      | Found an ornate altar of the Wu Jian Council.
  5442 | D:9      | Noticed Erolcha
  5451 | D:9      | Killed Erolcha
  5451 | D:9      | Reached skill level 14 in Earth Magic
  5493 | D:10     | Entered Level 10 of the Dungeon
  5493 | D:10     | Found a staircase to the Orcish Mines.
  5578 | D:10     | Learned a level 5 spell: Lee's Rapid Deconstruction
  5691 | D:10     | Found a glowing golden altar of the Shining One.
  5901 | D:10     | Found a portal to a secret trove of treasure.
  6009 | D:10     | Reached skill level 15 in Earth Magic
  6223 | D:11     | Found a staircase to the Lair.
  6241 | D:11     | Found a white marble altar of Elyvilon.
  6469 | D:11     | Noticed Snorg
  6479 | D:11     | Killed Snorg
  6479 | D:11     | Reached skill level 16 in Earth Magic
  6490 | D:11     | Found Laid's Antique Weapon Shop.
  6517 | D:11     | Reached ****** piety under Makhleb
  6520 | D:11     | Noticed a two-headed ogre
  6525 | D:11     | Killed a two-headed ogre
  6538 | D:11     | Noticed a centaur warrior
  6549 | D:11     | Killed a centaur warrior
  6550 | D:11     | Noticed a centaur warrior
  6562 | D:11     | Killed a centaur warrior
  6562 | D:11     | Reached skill level 17 in Earth Magic
  6562 | D:11     | Reached XP level 12. HP: 25/88 MP: 3/27
  6662 | D:12     | Noticed an eight-headed hydra
  6675 | D:12     | Killed an eight-headed hydra
  6744 | D:12     | Noticed Psyche
  6747 | D:12     | Killed Psyche
  6747 | D:12     | Reached skill level 18 in Earth Magic
  6896 | D:12     | Reached skill level 1 in Armour
  6909 | D:12     | Reached skill level 1 in Fighting
  6909 | D:12     | Reached skill level 1 in Translocations
  6925 | D:12     | Slain by a large slime creature

Illustrated notes

Levels and vault maps discovered:
D:1:      wander_arrival_chamber, layout_basic, minmay_misc_feat_alley,
          minmay_pentomino_q4
D:2:      layout_loops_ring, marbit_many_paths
D:3:      cheibrodos_fertilizer, layout_basic, gammafunk_temple_overflow_pools,
          chequers_ecumenical_altar_lobes
D:4:      layout_cave_pools, cheibrodos_sewer_entry_drain
D:5:      minmay_chambers_of_threes, layout_rooms, okawaru_ov_weapons_minmay,
          kennysheep_mini
D:6:      layout_basic, lemuel_zombie_altar_yredelemnul,
          nicolae_qazlal_style_of_elements, nicolae_overflow_crystal_walls,
          kiku_gazebo_garden_becter, serial_shops,
          nicolae_shop_overgrown_old_shop, uniq_blork_the_orc
D:7:      layout_basic, lemuel_round_altar, minmay_temple_entry_statues,
          serial_park_tiny_2
D:8:      layout_cave_pools, grunt_temple_overflow_opulence,
          ebering_ghost_inner_flame, led_sif_pool
D:9:      layout_gridville, old_standard_altar, ebering_ghost_funeral_grove,
          uniq_erolcha
D:10:     layout_roguey, orc_0_dummy, nicolae_trove_entry_crystal,
          tso_metal_star
D:11:     layout_roguey, lair_entry_dummy, serial_shops, shop, basic_altar,
          minivault_5, eino_tiny_chamber, minmay_bent, uniq_snorg
D:12:     layout_loops_ring, uniq_psyche

Skill      XL: |  1  2  3  4  5  6  7  8  9 10 11 12 |
---------------+-------------------------------------+-----
Earth Magic    | 5 6 7 8 10 12 13 17 18 | 18.2
Spellcasting   | 2 3 4 5 7 11 | 11.3
Conjurations   | 3 5 |  5.0
Armour         | 1 |  1.4
Fighting       | 1 |  1.1
Translocations | 1 |  1.0
Dodging        | |  2.8
Stealth        | |  2.4
Transmutations | |  0.8

Action                   |  1- 3 |  4- 6 |  7- 9 | 10-12 || total
-------------------------+-------+-------+-------+-------++-------
Melee: Unarmed           |     9 |       |       |       ||     9
       Club              |    15 |    65 |       |       ||    80
       Mace              |       |       |    19 |       ||    19
       Falchion          |       |       |    46 |    84 ||   130
 Cast: Sandblast         |    51 |   108 |   145 |    77 ||   381
       Passwall          |     6 |    14 |    22 |    25 ||    67
       Apportation       |       |    11 |     9 |    22 ||    42
       Stone Arrow       |       |       |    39 |   112 ||   151
       Lee's Rapid Decon |       |       |       |    17 ||    17
 Abil: Heal Wounds       |     1 |       |       |       ||     1
Evoke: Wand              |       |       |       |     2 ||     2
  Use: Scroll            |     1 |    11 |     8 |     7 ||    27
       Potion            |       |     4 |     2 |     1 ||     7
 Stab: Sleeping          |     1 |    15 |       |     3 ||    19
       Distracted        |       |       |     1 |       ||     1
Armor: Robe              |     8 |       |       |       ||     8
       Leather armour    |     2 |    77 |    68 |    98 ||   245
Dodge: Dodged            |    34 |   167 |   104 |   126 ||   431
       Rpst.: Falchion   |       |       |    22 |    33 ||    55

Table legend: (Time is in decaauts)
 A = Elapsed time spent in this place.
 B = Non-inter-level travel time spent in this place.
 C = Inter-level travel time spent in this place.
 D = Time resting spent in this place.
 E = Time spent auto-exploring this place.
 F = Levels seen in this place.
 G = Mean time per level.
                   A        B        C        D        E       F      G
               +--------+--------+--------+--------+--------+-----+--------+
         Total |   7048 |   7000 |     48 |      6 |      0 |  13 |  542.2 |
       Dungeon |   6742 |   6694 |     48 |      6 |      0 |  12 |  561.8 |
         Sewer |    306 |    306 |      0 |      0 |      0 |   1 |  306.0 |
               +--------+--------+--------+--------+--------+-----+--------+

Top non-repeatable levels by time:
     D:3: 1017 daAuts
     D:7: 794 daAuts
    D:10: 662 daAuts
     D:2: 616 daAuts
     D:9: 564 daAuts
     D:1: 550 daAuts
    D:11: 510 daAuts
     D:6: 490 daAuts
     D:5: 488 daAuts
     D:4: 399 daAuts
     D:8: 369 daAuts
   Sewer: 306 daAuts
    D:12: 278 daAuts

Table legend:
 A = Kills in this place as a percentage of kills in entire the game.
 B = Kills by you in this place as a percentage of kills by you in the entire game.
 C = Kills by friends in this place as a percentage of kills by friends in the entire game.
 D = Other kills in this place as a percentage of other kills in the entire game.
 E = Experience gained in this place as a percentage of experience gained in the entire game.
 F = Experience gained in this place divided by the number of levels of this place that you have seen.
                   A       B       C       D       E      F
               +-------+-------+-------+-------+-------+----------------------
         Total | 100.0 | 100.0 |   N/A |   N/A | 100.0 | 1741.4
       Dungeon |  93.5 |  93.5 |   N/A |   N/A |  98.6 | 1860.0
         Sewer |   6.5 |   6.5 |   N/A |   N/A |   1.4 | 318.0
               +-------+-------+-------+-------+-------+----------------------
